 Dungeon Crawl Stone Soup version 0.23.2-1-ga50397a (webtiles) character file.

Game seed: 8608357998411210140

2197 doot the Zephyrmancer (level 9, 0/48 HPs)
             Began as a Tengu Air Elementalist on May 10, 2019.
             Was a Priest of Vehumet.
             Slain by a hippogriff (4 damage)
             ... on level 7 of the Dungeon.
             The game lasted 00:19:46 (8346 turns).

doot the Zephyrmancer (Tengu Air Elementalist)      Turns: 8346, Time: 00:19:46

Health: 0/48       AC:  3    Str:  9    XL:     9   Next: 34%
Magic:  1/19       EV: 17    Int: 17    God:    Vehumet [***...]
Gold:   379        SH:  4    Dex: 16    Spells: 6/21 levels left

rFire    . . .     SeeInvis .   F - +5 battleaxe
rCold    . . .     Gourm    .   (shield currently unavailable)
rNeg     . . .     Faith    .   u - +0 leather armour
rPois    .         Spirit   .   (helmet restricted)
rElec    .         Reflect  +   (no cloak)
rCorr    .         Harm     .   (no gloves)
MR       +....                  (boots unavailable)
Stlth    +++.......             y - +4 amulet of reflection
HPRegen  0.16/turn              x - +1 ring of evasion
MPRegen  0.16/turn              (no ring)

@: flying quickly and evasively, quick
A: beak, talons 3, blink, magic resistance 1, able to fly, sturdy frame 1
a: Stop Flying, Blink, Renounce Religion


You were on level 7 of the Dungeon.
You worshipped Vehumet.
Vehumet was most pleased with you.
You were hungry.

You visited 2 branches of the dungeon, and saw 8 of its levels.

You collected 379 gold pieces.

Inventory:

Hand Weapons
 j - a +0 dagger
 l - a +0 war axe
 s - a +1 war axe of electrocution
 F - a +5 battleaxe (weapon)
Armour
 a - a +0 robe
 u - a +0 leather armour (worn)
Jewellery
 x - a +1 ring of evasion (left hand)
 y - a +4 amulet of reflection (around neck)
 B - an uncursed ring of ice
 D - an uncursed amulet of guardian spirit {unknown}
Wands
 b - a wand of random effects (23)
 w - a wand of disintegration (19)
 E - a wand of polymorph (14)
Scrolls
 d - 5 scrolls of identify
 f - 3 scrolls of teleportation
 k - 3 scrolls of enchant weapon
 m - 6 scrolls of remove curse
 n - a scroll of fear {unknown}
 t - 2 scrolls of fog
 z - a scroll of magic mapping {unknown}
Potions
 e - 2 potions of haste {unknown}
 g - a potion of mutation
 h - a potion of brilliance {unknown}
 i - a potion of ambrosia {unknown}
 o - 2 potions of lignification {unknown}
 p - 3 potions of curing {unknown}
 r - a potion of heal wounds {unknown}
 v - a potion of experience {unknown}
 A - a potion of flight {unknown}
 C - 2 potions of degeneration {unknown}
Comestibles
 c - 11 rations
 q - 4 chunks of flesh


   Skills:
 + Level 1.9 Fighting
 + Level 3.5 Axes
 + Level 3.6 Dodging
 + Level 4.5 Stealth
 + Level 6.5 Spellcasting
 + Level 6.3 Conjurations
 + Level 0.2 Charms
 + Level 8.9 Air Magic


You had 6 spell levels left.
You knew the following spells:

 Your Spells              Type           Power        Failure   Level  Hunger
a - Shock                 Conj/Air       ####         1%          1    None
b - Swiftness             Chrm/Air       ###.....     3%          2    None
c - Static Discharge      Conj/Air       ####....     1%          3    ##.....
d - Airstrike             Air            #####.....   1%          4    ####...
e - Lightning Bolt        Conj/Air       ####......   4%          5    #####..

Your spell library contained the following spells:

 Spells                   Type           Power        Failure   Level  Hunger
 Inner Flame              Hex/Fire       #.......     11%         3    ##.....


Dungeon Overview and Level Annotations

Branches:
Dungeon (7/15)             Temple (1/1) D:5

Altars:
Ashenzari
Cheibriados
Dithmenos
Elyvilon
Fedhas
Gozag
Hepliaklqana
Kikubaaqudgha
Makhleb
Nemelex Xobeh
Okawaru
Qazlal
Ru
Sif Muna
Trog
Uskayaw
Vehumet
Wu Jian
Yredelemnul
The Shining One
Beogh

Shops:
D:5 =   D:6 [

Annotations:
D:2 Terence
D:5 3 runed translucent doors, dhn's ghost, novice MiFi


Innate Abilities, Weirdness & Mutations

You have a beak for a mouth.
You have claws for feet.
You can fly continuously.
You can translocate small distances at will.
You are resistant to hostile enchantments. (MR+)
Your movements are slightly less encumbered by armour. (ER -2)


Message History

The hippogriff pecks you!
* * * LOW HITPOINT WARNING * * *
The hippogriff closely misses you.
You hit the hippogriff but do no damage.
You claw the hippogriff.
The hippogriff is almost dead.
The hippogriff bites you.
* * * LOW HITPOINT WARNING * * *
The hippogriff pecks you!
* * * LOW HITPOINT WARNING * * *
You block the hippogriff's attack.
Casting: Shock (safe; 1% risk of failure)
Confirm with . or Enter, or press ? or * to list all spells.
Aiming: Shock (safe; 1% risk of failure)
Press: ? - help, Shift-Dir - straight line, f/p - hippogriff
Aim: a hippogriff (almost dead)
The zap hits the hippogriff.
The hippogriff is almost dead.
The hippogriff closely misses you. The hippogriff pecks you.
You die...

#.....# #.....# ...
#.....# ....
#.....##########....
#.....#[.#..........
#.....#..#..........
#.....#..#..........
#.....#.รท#..........
#.....##'#..@H......
##+###......####....
#....'......# .
#....#......#
######......#
#.....####### #.....#
#.....# #.....#


You could see a hippogriff.

Vanquished Creatures
  Grinder (D:5)
  2 ice beasts (D:6)
  A sky beast (D:6)
  2 ogres (D:5)
  3 centaurs (D:5)
  2 bullfrogs
  Blork the orc (D:5)
  A scorpion (D:7)
  6 wights
  A howler monkey (D:6)
  3 crimson imps (D:6)
  A jelly (D:6)
  A centaur skeleton (D:4)
  5 orc wizards
  3 orc priests
  2 hounds
  Jessica (D:3)
  3 worker ants (D:6)
  A hound zombie (D:6)
  Robin (D:3)
  9 adders
  A shadow imp (D:5)
  2 oozes
  2 adder skeletons
  2 worms
  A dart slug (D:3)
  5 leopard geckos
  29 orcs
  A ball python (D:3)
  5 giant cockroaches
  13 goblins
  9 hobgoblins
  9 jackals
  4 quokkas
  4 bats
  2 frilled lizards
  A goblin zombie (D:6)
  A leopard gecko skeleton (D:6)
  A quokka zombie (D:6)
  7 rats
  3 rat zombies (D:2)
152 creatures vanquished.

Notes
Turn   | Place    | Note
-------+----------+-------------------------------------------
     0 | D:1      | doot the Tengu Air Elementalist began the quest for the
                  | Orb.
     0 | D:1      | Reached XP level 1. HP: 10/10 MP: 4/4
   181 | D:1      | Reached XP level 2. HP: 12/15 MP: 1/6
   228 | D:1      | Learned a level 2 spell: Swiftness
   728 | D:2      | Noticed Terence
   741 | D:2      | Found a shattered altar of Ashenzari.
   757 | D:2      | Found a shadowy altar of Dithmenos.
   757 | D:2      | Found a bloodstained altar of Trog.
   757 | D:2      | Found a hazy altar of Hepliaklqana.
   762 | D:2      | Found a white marble altar of Elyvilon.
   762 | D:2      | Found an iron altar of Okawaru.
   762 | D:2      | Found a radiant altar of Vehumet.
   762 | D:2      | Found a sacrificial altar of Ru.
   771 | D:2      | Became a worshipper of Vehumet
  1207 | D:1      | Gained mutation: You can translocate small distances at
                  | will. [potion of mutation]
  1207 | D:1      | Gained mutation: Your movements are slightly less
                  | encumbered by armour. (ER -2) [potion of mutation]
  1207 | D:1      | Gained mutation: You are resistant to hostile enchantments.
                  | (MR+) [potion of mutation]
  1245 | D:2      | Reached XP level 3. HP: 19/19 MP: 5/7
  1250 | D:2      | Learned a level 3 spell: Static Discharge
  1453 | D:3      | Noticed Jessica
  1483 | D:3      | Killed Jessica
  1483 | D:3      | Reached skill level 5 in Air Magic
  1483 | D:3      | Reached XP level 4. HP: 10/24 MP: 0/8
  1672 | D:2      | Found an ancient bone altar of Kikubaaqudgha.
  2333 | D:3      | Reached * piety under Vehumet
  2333 | D:3      | Offered knowledge of Sandblast by Vehumet.
  2433 | D:3      | Gained mutation: You can fly continuously. [Tengu growth]
  2433 | D:3      | Reached XP level 5. HP: 28/28 MP: 4/10
  2657 | D:3      | Noticed Robin
  2666 | D:3      | Killed Robin
  3069 | D:3      | Learned a level 4 spell: Airstrike
  3471 | D:4      | Reached XP level 6. HP: 4/32 MP: 2/12
  3748 | D:4      | Reached skill level 1 in Axes
  3816 | D:4      | Offered knowledge of Flame Tongue by Vehumet.
  3900 | D:4      | Reached skill level 6 in Air Magic
  4238 | D:5      | Entered Level 5 of the Dungeon
  4331 | D:5      | Found a staircase to the Ecumenical Temple.
  4452 | Temple   | Entered the Ecumenical Temple
  4885 | D:5      | Found a runed translucent gate.
  4885 | D:5      | Found a runed translucent gate.
  4885 | D:5      | Found a runed translucent gate.
  4885 | D:5      | Noticed dhn's ghost (novice MiFi)
  4888 | D:5      | Found Inniqum's Jewellery Emporium.
  4901 | D:5      | Found a roughly hewn altar of Beogh.
  4966 | D:5      | Reached XP level 7. HP: 27/37 MP: 2/13
  5042 | D:5      | Noticed Grinder
  5422 | D:5      | Noticed Blork the orc
  5484 | D:6      | Reached skill level 1 in Fighting
  5569 | D:6      | Reached ** piety under Vehumet
  5697 | D:5      | Found a sparkling altar of Nemelex Xobeh.
  5708 | D:5      | Found a hide-covered altar of Uskayaw.
  5744 | D:5      | Reached skill level 7 in Air Magic
  5748 | D:5      | Reached XP level 8. HP: 28/43 MP: 1/15
  5933 | D:5      | Reached skill level 5 in Conjurations
  6080 | D:5      | Learned a level 5 spell: Lightning Bolt
  6150 | D:6      | Reached skill level 5 in Spellcasting
  6225 | D:6      | Offered knowledge of Inner Flame by Vehumet.
  6458 | D:6      | Reached skill level 8 in Air Magic
  6695 | D:6      | Reached *** piety under Vehumet
  6695 | D:6      | Reached XP level 9. HP: 46/48 MP: 4/18
  6841 | D:6      | HP: 1/48 [ice beast (13)]
  7155 | D:5      | Found a shattered altar of Ashenzari.
  7161 | D:5      | Killed Grinder
  7295 | D:5      | Killed Blork the orc
  7746 | D:6      | Found Kusipt's Antique Armour Boutique.
  8346 | D:7      | Slain by a hippogriff

Skill      XL: |  1  2  3  4  5  6  7  8  9 |
---------------+----------------------------+-----
Conjurations   | 2 3 4 6 |  6.3
Air Magic      | 5 6 7 8 |  8.9
Spellcasting   | 3 4 5 6 |  6.5
Stealth        | 3 4 |  4.5
Axes           | 1 2 3 |  3.5
Dodging        | 3 |  3.6
Fighting       | 1 |  1.9
Charms         | |  0.2

Action                   |  1- 3 |  4- 6 |  7- 9 || total
-------------------------+-------+-------+-------++-------
Melee: Unarmed           |     2 |       |       ||     2
       War axe           |     2 |    33 |    36 ||    71
       Kick              |       |     7 |     8 ||    15
       Peck              |       |     6 |     4 ||    10
       Battleaxe         |       |       |    10 ||    10
 Cast: Shock             |    44 |    91 |    97 ||   232
       Static Discharge  |     3 |    16 |    23 ||    42
       Airstrike         |       |     3 |    28 ||    31
       Swiftness         |       |       |     2 ||     2
 Abil: Blink             |       |     2 |       ||     2
       Fly               |       |     1 |       ||     1
  Use: Scroll            |     1 |       |     5 ||     6
       Potion            |     1 |       |       ||     1
 Stab: Sleeping          |       |     2 |       ||     2
  Eat: Chunk             |     2 |    12 |    14 ||    28
       Ration            |       |     1 |       ||     1
Armor: Robe              |     2 |     4 |       ||     6
       Leather armour    |       |     4 |     7 ||    11
Dodge: Dodged            |    18 |    58 |    63 ||   139
Block: Other             |       |       |    11 ||    11
       Reflection        |       |       |     1 ||     1
